 Dungeon Crawl Stone Soup version 0.30-a0-341-g682706514a (webtiles) character file.

Game seed: 15832236793474643994

262 lunkers the Cutter (level 6, -11/42 (51) HPs)
             Began as a Meteoran Fighter on Nov 1, 2022.
             Mangled by a wight
             ... wielding a +0 halberd
              (15 damage)
             ... on level 4 of the Dungeon.
             The game lasted 00:06:55 (1362 turns).

lunkers the Cutter (Meteoran Fighter)               Turns: 1362, Time: 00:06:55

HP:   -11/42 (51)   AC:  9    Str: 19    XL:     6   Next: 70%
MP:   7/7           EV:  5    Int: 10    God:
Gold: 60            SH:  0    Dex: 14    Spells: 5/5 levels left

rFire   . . .      SeeInvis .    a - +2 flail (drain)
rCold   . . .      Faith    .    c - +0 buckler
rNeg    . . .      Spirit   .    b - +0 scale mail
rPois   .          Reflect  .    j - +0 helmet
rElec   .          Harm     .    k - +0 cloak
rCorr   .          Rampage  .    (no gloves)
Will    .....                    (no boots)
Stlth   ..........               (no amulet)
HPRegen 0.27/turn                (no ring)
MPRegen 0.10/turn                (no ring)

@: held, glowing, heavily drained
A: sense surroundings 1, otherworldly, glowing, explore regen
a: no special abilities


You were on level 4 of the Dungeon.
You visited 1 branch of the dungeon, and saw 4 of its levels.

You collected 60 gold pieces.

Inventory:

Hand Weapons
 a - a +2 flail of draining (weapon)
 f - a +1 dagger of freezing
 i - a +0 short sword of speed
 s - a +2 dagger of venom
 t - a +0 rapier
Missiles
 m - 7 poisoned darts (quivered)
 r - 9 stones
Armour
 b - a +0 scale mail (worn)
 c - a +0 buckler (worn)
 j - a +0 helmet (worn)
 k - a +0 cloak (worn)
 p - a +0 helmet
Scrolls
 e - a scroll of blinking {unknown}
 h - a scroll of teleportation {unknown}
 n - a scroll of enchant armour {unknown}
 o - a scroll of identify {unknown}
Potions
 d - a potion of ambrosia
 g - 2 potions of curing
 l - a potion of lignification {unknown}
 q - a potion of attraction {unknown}


   Skills:
 - Level 3.2 Fighting
 - Level 6.9 Short Blades
 * Level 0.0 Maces & Flails
 - Level 3.6 Armour
 - Level 3.6 Shields


You had 5 spell levels left.
You didn't know any spells.
Your spell library was empty.

Dungeon Overview and Level Annotations

Branches:
Dungeon (4/15) Zot: 1155
 Temple: D:4-7

Altars:
Xom


Innate Abilities, Weirdness & Mutations

You passively map a small area around you.
You are easily found by Zot.
You glow in the dark.
You regain HP and MP as you explore.


Message History

There is a stone staircase leading down, spattered with blood here.
You see here a +0 whip.
You climb downwards.
The wight hits you but does no damage.
The gnoll throws a throwing net.
The throwing net hits you.
You become entangled in the net!
The wight hits you with a +0 morningstar.
The gnoll hits you from afar with a +0 halberd!
* * * LOW HITPOINT WARNING * * *
There is a stone staircase leading up, spattered with blood here.
You see here a throwing net.
Unknown command.
Unknown command.
Unknown command.
You struggle against the net.
The orc wizard casts a spell at you.
You easily resist.
The gnoll barely misses you.
The wight hits you with a +0 morningstar.
* * * LOW HITPOINT WARNING * * *
You feel drained.
A wight comes into view. It is wielding a +3 falchion.
Unknown command.
Unknown command.
You struggle against the net.
The gnoll hits you from afar with a +0 halberd.
* * * LOW HITPOINT WARNING * * *
The wight hits you from afar with a +0 halberd!
* * * LOW HITPOINT WARNING * * *
You feel drained.
* * * LOW HITPOINT WARNING * * *
Unknown command.
Unknown command.
Unknown command.
You struggle against the net.
The orc wizard hits you but does no damage.
The gnoll hits you from afar with a +0 halberd.
* * * LOW HITPOINT WARNING * * *
An orc comes into view. It is wielding a +0 hand axe.
The wight closely misses you.
The wight hits you from afar with a +0 halberd!
You die...

... , #######.....####
###⌠### *#..............#
#_.##.## #....>......##.#
##♣^..^^?## #...........##.#
#.~^~..~#.###.......######.#
⌠...#_..g.⌠.........# #.#
#♣~.≈≈...≈###÷zgg...# #.#
#≈#~##^.###.z.Sz...# #.#
##≈^...## #.###@#########.#
###⌠### #.* #o# #......# #.,
#. #.####)###..# ## * *#5
#.o.......<.# * #S*
######.##...# #.
#.#####.##...#
#......<.†...# *
#..####.####...., ,, , , *
### #.### *


You could see 3 wights, an orc wizard, 2 gnolls, an orc and a ball python.

Vanquished Creatures
  A wight (D:3)
  Jessica (D:2)
  Natasha (twice) (D:3)
  Robin (D:2)
  2 gnolls (D:3)
  3 adders
  A shadow imp (D:3)
  An ufetubus (D:3)
  2 dart slugs (D:2)
  6 ball pythons
  A bat (D:2)
  3 endoplasms
  2 giant cockroaches
  11 goblins
  9 hobgoblins
  2 jackals (D:1)
  5 kobolds
  2 quokkas
  4 frilled lizards
  3 rats
62 creatures vanquished.

Notes
Turn   | Place    | Note
-------+----------+-------------------------------------------
     0 | D:1      | lunkers the Meteoran Fighter began the quest for the Orb.
     0 | D:1      | Reached XP level 1. HP: 19/19 MP: 2/2
    39 | D:1      | Reached XP level 2. HP: 7/26 MP: 3/3
    47 | D:1      | Reached skill level 3 in Short Blades
   131 | D:1      | You fall into a shaft and drop 1 floor!
   135 | D:2      | Noticed Robin
   151 | D:2      | Reached XP level 3. HP: 18/31 MP: 4/4
   157 | D:2      | Killed Robin
   160 | D:2      | Reached skill level 4 in Short Blades
   190 | D:2      | Reached XP level 4. HP: 25/38 MP: 5/5
   197 | D:2      | Noticed Jessica
   202 | D:2      | Killed Jessica
   239 | D:2      | Reached skill level 5 in Short Blades
   266 | D:2      | Reached XP level 5. HP: 41/45 MP: 6/6
   878 | D:3      | Noticed Natasha
   892 | D:3      | Killed Natasha
  1040 | D:4      | Found a shimmering altar of Xom.
  1044 | D:4      | Found a shimmering altar of Xom.
  1046 | D:4      | Found a shimmering altar of Xom.
  1049 | D:4      | Noticed Eustachio
  1083 | D:3      | Reached skill level 6 in Short Blades
  1091 | D:3      | Noticed Natasha
  1120 | D:3      | Reached XP level 6. HP: 46/49 MP: 7/7
  1167 | D:3      | Killed Natasha
  1362 | D:4      | Mangled by a wight

Illustrated notes

Levels and vault maps discovered:
D:1:      giann_forest_graveyard, layout_basic, serial_shops, nicolae_shop_stone
D:2:      layout_loops_cross, minmay_misc_feat_encased, uniq_robin, uniq_jessica
D:3:      layout_loops_corners, gammafunk_ghost_cemetery, serial_park_tiny_pond,
          uniq_natasha
D:4:      minmay_general_purpose_star, layout_loops_cross, xom_redecorated,
          kennysheep_another_room, uniq_eustachio

Skill      XL: |  1  2  3  4  5 |
---------------+----------------+-----
Short Blades   | 3 4 5 6 |  6.9
Fighting       | |  3.2
Armour         | |  3.6
Shields        | |  3.6

Action                   |  1- 3 |  4- 6 || total
-------------------------+-------+-------++-------
Melee: Rapier            |    25 |       ||    25
       Dagger            |    10 |     9 ||    19
       Short sword       |    20 |   234 ||   254
Throw: Stone             |     1 |     1 ||     2
       Dart              |       |     6 ||     6
  Use: Potion            |     1 |     4 ||     5
Armor: Scale mail        |    35 |    83 ||   118
Dodge: Dodged            |    17 |    70 ||    87
Block: Buckler           |    22 |    31 ||    53

Table legend: (Time is in decaauts)
 A = Elapsed time spent in this place.
 B = Non-inter-level travel time spent in this place.
 C = Inter-level travel time spent in this place.
 D = Time resting spent in this place.
 E = Time spent auto-exploring this place.
 F = Levels seen in this place.
 G = Mean time per level.
                   A        B        C        D        E       F      G
               +--------+--------+--------+--------+--------+-----+--------+
         Total |   1243 |   1054 |    189 |      0 |    441 |   4 |  310.8 |
       Dungeon |   1243 |   1054 |    189 |      0 |    441 |   4 |  310.8 |
               +--------+--------+--------+--------+--------+-----+--------+

Top non-repeatable levels by time:
     D:3: 696 daAuts
     D:2: 340 daAuts
     D:1: 131 daAuts
     D:4: 75 daAuts
